 Dungeon Crawl Stone Soup version 0.24.0-35-gdb84b6a5db (webtiles) character file.

Game seed: 3859716614065349951, levelgen mode: deterministic

107 grindst0ne the Cutter (level 5, -1/34 HPs)
             Began as a Kobold Berserker on Nov 17, 2019.
             Was a Believer of Trog.
             Slain by a gnoll
             ... wielding a +0 club
              (5 damage)
             ... on level 3 of the Dungeon.
             The game lasted 00:03:45 (1842 turns).

grindst0ne the Cutter (Kobold Berserker)            Turns: 1842, Time: 00:03:46

Health: -1/34      AC:  5    Str: 16    XL:     5   Next: 10%
Magic:  5/5        EV: 14    Int:  8    God:    Trog [**....]
Gold:   150        SH:  0    Dex: 14    Spells: 4/4 levels left

rFire    . . .     SeeInvis .   a - +1 short sword
rCold    . . .     Gourm    .   (shield restricted)
rNeg     . . .     Faith    .   f - +0 ring mail
rPois    .         Spirit   .   (no helmet)
rElec    .         Reflect  .   (no cloak)
rCorr    .         Harm     .   (no gloves)
MR       .....                  (no boots)
Stlth    +.........             (no amulet)
HPRegen  0.11/turn              (no ring)
MPRegen  0.09/turn              (no ring)

@: berserk cooldown, slowed, very slow
A: small, carnivore
a: Berserk, Trog's Hand, Renounce Religion


You were on level 3 of the Dungeon.
You worshipped Trog.
Trog was pleased with you.
You were very full.

You visited 1 branch of the dungeon, and saw 3 of its levels.

You collected 150 gold pieces.

Inventory:

Hand Weapons
 a - a +1 short sword (weapon)
Armour
 b - a +0 animal skin
 f - a +0 ring mail (worn)
 k - a +0 plate armour
 n - a cursed +0 chain mail
Scrolls
 d - a scroll of remove curse {unknown}
 e - a scroll of identify {unknown}
 g - a scroll of magic mapping {unknown}
 h - 3 scrolls of teleportation {unknown}
 i - a scroll of enchant weapon
 j - 2 scrolls of amnesia {unknown}
 o - 3 scrolls of fog {unknown}
 p - a scroll of random uselessness {unknown}
Comestibles
 c - 5 rations
 l - 4 chunks of flesh


   Skills:
 + Level 4.8 Fighting
 + Level 5.8 Short Blades
 - Level 1.5 Armour
 - Level 2.4 Dodging


You had 4 spell levels left.
You didn't know any spells.
Your spell library contained the following spells:

 Spells                   Type           Power        Failure   Level  Hunger
 Magic Dart               Conj           #...         63%         1    ##.....
 Blink                    Tloc           N/A          77%         2    ###....
 Call Imp                 Summ           #.......     77%         2    ###....
 Slow                     Hex            #.......     77%         2    ###....
 Conjure Flame            Conj/Fire      #.......     94%         3    ####...
 Mephitic Cloud           Conj/Pois/Air  #.......     94%         3    ####...


Dungeon Overview and Level Annotations

Branches:
Dungeon (3/15)

Altars:
Vehumet


Innate Abilities, Weirdness & Mutations

You are small and have problems with some larger weapons.
You are carnivorous and can eat meat at any time.


Message History

Trog accepts your kill.
You have reached level 5!
You feel stronger.
You are no longer berserk.
You are exhausted.
You feel yourself slow down. The gnoll completely misses you.
You see here a +0 club.
It was a potion of curing.
You feel better. The gnoll hits you with a +0 club.
The gnoll hits you from afar with a +0 halberd!
The gnoll completely misses you.
Eat one of 4 chunks of flesh? (ye/n/q)
Okay, then.
As you read the scroll labeled ACSOFETOSI, it crumbles to dust.
It is a scroll of enchant weapon.
Your +0 short sword glows red for a moment.
The gnoll hits you from afar with a +0 halberd!
* * * LOW HITPOINT WARNING * * *
The gnoll hits you with a +0 club.
You die...

#......).............#
#.....................
#######.......#.######
###.###.#.# #.#..)#..
##.#.#######
#....).....#
####.##....# #@# ...#
#g# ..#


ggo .# #.... # ...... ##...... .......# #####..# You could see 2 gnolls, an orc
and a hobgoblin.

Vanquished Creatures
  2 gnolls (D:3)
  3 adders
  2 worms
  A dart slug (D:2)
  A leopard gecko (D:1)
  6 bats
  2 giant cockroaches
  8 goblins
  4 hobgoblins
  4 jackals (D:1)
  A quokka (D:2)
  10 frilled lizards
  4 kobolds
  6 rats
54 creatures vanquished.

Notes
Turn   | Place    | Note
-------+----------+-------------------------------------------
     0 | D:1      | grindst0ne the Kobold Berserker began the quest for the
                  | Orb.
     0 | D:1      | Reached XP level 1. HP: 14/14 MP: 1/1
   103 | D:1      | Reached XP level 2. HP: 19/19 MP: 2/2
   289 | D:1      | Reached XP level 3. HP: 14/24 MP: 3/3
   655 | D:1      | Reached ** piety under Trog
  1047 | D:2      | Reached skill level 5 in Short Blades
  1203 | D:2      | Reached XP level 4. HP: 20/29 MP: 4/4
  1416 | D:2      | Found a radiant altar of Vehumet.
  1839 | D:3      | Reached XP level 5. HP: 28/34 MP: 5/5
  1842 | D:3      | Slain by a gnoll

Levels and vault maps discovered:
D:1:      shiori_arrival_maze, layout_basic, minmay_lizard_king
D:2:      layout_rooms, vehumet_crystals
D:3:      layout_basic, uniq_sigmund

Skill      XL: |  1  2  3 |
---------------+----------+-----
Fighting       | 4 |  4.8
Short Blades   | 5 |  5.8
Armour         | |  1.5
Dodging        | |  2.4

Action                   |  1- 3 |  4- 6 || total
-------------------------+-------+-------++-------
Melee: Short sword       |   130 |    78 ||   208
Invok: Berserk           |     2 |     2 ||     4
  Use: Scroll            |       |     1 ||     1
       Potion            |       |     1 ||     1
 Stab: Sleeping          |     1 |       ||     1
  Eat: Chunk             |    11 |     3 ||    14
Armor: Animal skin       |    15 |       ||    15
       Ring mail         |    13 |    18 ||    31
Dodge: Dodged            |   116 |    61 ||   177
